 Dungeon Crawl Stone Soup version 0.22.1-2-g9c5b331 (webtiles) character file.

8353 PolarisRust the Severer (level 11, 0/95 HPs)
             Began as a Hill Orc Fighter on Dec 5, 2018.
             Was an Elder of Beogh.
             Succumbed to a hornet's poison
             ... while paralysed by a hornet
             ... on level 10 of the Dungeon.
             The game lasted 00:35:53 (8335 turns).

PolarisRust the Severer (Hill Orc Fighter)          Turns: 8335, Time: 00:35:53

Health: 0/95       AC: 20    Str: 31    XL:     11   Next: 29%
Magic:  11/11      EV:  2    Int:  8    God:    Beogh [****..]
Gold:   319        SH:  0    Dex:  8    Spells: 10/10 levels left

rFire    . . .     SeeInvis .   m - +0 broad axe
rCold    + . .     Gourm    .   c - +0 shield
rNeg     + . .     Faith    .   C - +0 plate armour
rPois    .         Spirit   .   r - +0 helmet
rElec    .         Reflect  .   h - +0 cloak
rCorr    .         Harm     .   b - +0 pair of gloves
MR       .....                  L - +0 pair of boots
Stlth    ..........             (no amulet)
HPRegen  0.65/turn              A - ring of the Invisible Hand {AC+3 Str+8 Dex-4}
MPRegen  0.12/turn              F - ring "Iwexzeumm" {rC+ rN+}

@: paralysed, lethally poisoned (0 -> -4), slowed, heavily drained
A: agile 1, blink, regeneration 1, wild magic 1
a: Blink, Smiting, Recall Orcish Followers, Renounce Religion


You were on level 10 of the Dungeon.
You worshipped Beogh.
Beogh was greatly pleased with you.
You were not hungry.

You visited 1 branch of the dungeon, and saw 10 of its levels.
You also visited: Ossuary.

You collected 755 gold pieces.
You spent 436 gold pieces at shops.

Inventory:

Hand Weapons
 m - a +0 broad axe (weapon)
 B - the cursed +1 dagger "Jiptoloc" {protect, rC+ Str+3 Dex-4}
   (You found it on level 6 of the Dungeon)

   It protects the one who uses it against injury (+AC on strike).
   It affects your strength (+3).
   It affects your dexterity (-4).
   It protects you from cold.
   It has a curse placed upon it.
 M - a +0 fustibalus of flaming
Armour
 b - a +0 pair of gloves (worn)
 c - a +0 shield (worn)
 h - a +0 cloak (worn)
 r - a +0 helmet (worn)
 C - a +0 plate armour (worn)
 L - a +0 pair of boots (worn)
Jewellery
 a - a cursed ring of attention {unknown}
 p - a +2 ring of protection
 A - the ring of the Invisible Hand (left hand) {AC+3 Str+8 Dex-4}
   (You bought it in a shop on level 5 of the Dungeon)

   [ring of protection]

   It affects your AC (+3).
   It affects your strength (+8).
   It affects your dexterity (-4).
 F - the ring "Iwexzeumm" (right hand) {rC+ rN+}
   (You found it on level 7 of the Dungeon)

   [ring of protection from cold]

   It protects you from cold.
   It protects you from negative energy.
 O - an uncursed ring of see invisible {unknown}
 P - an uncursed amulet of harm
Wands
 d - a wand of random effects (35)
 z - a wand of paralysis (2)
Scrolls
 e - 2 scrolls of noise {unknown}
 j - 2 scrolls of magic mapping
 k - 5 scrolls of teleportation
 l - a scroll of enchant armour {unknown}
 n - 5 scrolls of immolation
 o - 6 scrolls of remove curse
 s - a scroll of enchant weapon {unknown}
 w - a scroll of amnesia
 x - 2 scrolls of fear
 y - 3 scrolls of blinking {unknown}
 E - a scroll of random uselessness {unknown}
 K - a scroll of fog {unknown}
Potions
 g - 6 potions of agility
 i - a potion of heal wounds
 q - 2 potions of invisibility
 t - a potion of degeneration
 u - 2 potions of haste
 v - 3 potions of flight
 D - a potion of mutation
 H - a potion of lignification
 I - 2 potions of might
 J - a potion of resistance {unknown}
Comestibles
 f - 12 rations
 N - 5 chunks of flesh


   Skills:
 + Level 8.6(7.0) Fighting
 - Level 17.0(15.0) Axes
 + Level 7.1(5.5) Armour
 - Level 3.8(2.3) Dodging
 - Level 3.7(2.2) Shields


You had 10 spell levels left.
You didn't know any spells.
Your spell library was empty.

Dungeon Overview and Level Annotations

Branches:
Dungeon (10/15)            Temple (0/1) D:6
   Lair: D:8-11         Orc: D:9-12

Altars:
Cheibriados
Elyvilon
Gozag
Kikubaaqudgha
Makhleb
Nemelex Xobeh
Ru
Xom
Zin
The Shining One

Shops:
D:5 =   D:6 (


Innate Abilities, Weirdness & Mutations

You are agile. (Dex +2)
You can translocate small distances at will.
Your natural rate of healing is unusually fast.
Your spells are a little harder to cast, but a little more powerful.


Message History

The killer bee stings you but does no damage.
The killer bee stings you.
* * * LOW HITPOINT WARNING * * *
You are poisoned.
The killer bee poisons you!
The killer bee stings you but does no damage. x2
A jelly comes into view.
Gorbash barely misses the hornet.
Gorbash misses the killer bee.
The hornet stings you!
* * * LOW HITPOINT WARNING * * *
You are more poisoned.
You feel as though you will be slow longer.
The killer bee stings you but does no damage.
Your orc priest closely misses the killer bee.
A scorpion comes into view.
The killer bee stings you but does no damage.
The killer bee closely misses your orc knight.
Your orc hits the centaur.
The killer bee stings you but does no damage.
You die...

.......sJ..
.........#
........#
.......# ..o...#
#.c...####
#yyy......
#o@yy......
#.oo.......
.#####..........
................
................
................
................
.......)).......
.#####..........


You could see a hornet, a centaur, a scorpion, a jelly, 4 killer bees, a
friendly orc knight, the friendly Gorbash the orc knight, a friendly orc priest
and a friendly orc.

Vanquished Creatures
  A two-headed ogre (D:9)
  Pikel (D:5)
  The ghost of stoner123 the Shield-Bearer, a novice MiFi of the Shining One (D:6)
  Joseph (D:7)
  A gargoyle (D:9)
  2 hippogriffs
  Sigmund (D:4)
  5 yaks (D:9)
  Menkaure (D:7)
  An ice beast (D:7)
  3 orc warriors
  4 sky beasts
  A phantom (D:4)
  A black bear (D:5)
  6 ogres
  5 centaurs
  A big kobold (D:9)
  2 bullfrogs
  A gnoll sergeant (D:9)
  2 scorpions (D:9)
  8 killer bees
  3 howler monkeys (D:9)
  2 crimson imps
  3 hounds
  6 jellies
  9 orc wizards
  A bullfrog zombie (D:9)
  Crazy Yiuf (D:3)
  2 centaur skeletons
  6 orc priests
  3 iguanas
  11 worker ants
  Natasha (D:2)
  A hound skeleton (D:9)
  3 hound zombies
  8 mummies (Ossuary)
  2 worker ant zombies
  13 adders
  5 gnolls (D:9)
  A river rat (D:6)
  An ooze (D:3)
  2 adder skeletons
  4 worms
  A dart slug (D:2)
  5 leopard geckos
  29 orcs
  20 giant cockroaches
  A gnoll zombie (Ossuary)
  6 goblins
  6 hobgoblins
  6 jackals
  A quokka (D:8)
  5 ball pythons
  9 bats
  2 frilled lizards
  2 hobgoblin zombies (Ossuary)
  A jackal skeleton (D:5)
  13 kobolds
  2 kobold zombies (Ossuary)
  3 orc zombies (Ossuary)
  A quokka skeleton (D:9)
  6 rats
  4 butterflies (D:5)
260 creatures vanquished.

Vanquished Creatures (collateral kills)
  A big kobold (D:10)
  6 killer bees (D:10)
  A shadow imp (D:10)
  A kobold (D:10)
9 creatures vanquished.

Vanquished Creatures (others)
  An orc (D:6)
1 creature vanquished.

Grand Total: 270 creatures vanquished

Notes
Turn   | Place    | Note
-------+----------+-------------------------------------------
     0 | D:1      | PolarisRust the Hill Orc Fighter began the quest for the
                  | Orb.
     0 | D:1      | Reached XP level 1. HP: 19/19 MP: 1/1
   111 | D:1      | Reached skill level 3 in Axes
   235 | D:1      | Reached XP level 2. HP: 22/26 MP: 2/2
   356 | D:1      | Reached skill level 4 in Axes
   938 | D:2      | Noticed an ogre
   947 | D:2      | Killed an ogre
   947 | D:2      | Reached skill level 6 in Axes
   947 | D:2      | Reached XP level 3. HP: 17/31 MP: 3/3
   947 | D:2      | Reached XP level 4. HP: 21/39 MP: 4/4
  1027 | D:2      | Reached XP level 5. HP: 18/45 MP: 5/5
  1139 | D:2      | Noticed Natasha
  1146 | D:2      | Killed Natasha
  1146 | D:2      | Reached skill level 7 in Axes
  1207 | D:2      | Noticed an ogre
  1215 | D:2      | Killed an ogre
  1215 | D:2      | Reached skill level 8 in Axes
  1215 | D:2      | Reached XP level 6. HP: 33/51 MP: 6/6
  1524 | D:3      | Noticed a sky beast
  1548 | D:3      | Killed a sky beast
  1548 | D:3      | Reached skill level 9 in Axes
  1762 | D:3      | Found a runed door.
  1794 | D:3      | Noticed Crazy Yiuf
  1799 | D:3      | Killed Crazy Yiuf
  2409 | D:3      | Reached XP level 7. HP: 57/57 MP: 7/7
  2510 | D:3      | Found a glowing silver altar of Zin.
  2510 | D:3      | Noticed an angel
  2512 | D:3      | Found a shimmering altar of Xom.
  2597 | D:3      | Found an opulent altar of Gozag.
  2678 | D:3      | Found an ancient bone altar of Kikubaaqudgha.
  2678 | D:3      | Found a sparkling altar of Nemelex Xobeh.
  2990 | D:4      | Noticed Sigmund
  3019 | D:4      | Reached skill level 10 in Axes
  3030 | D:4      | Killed Sigmund
  3145 | D:4      | Reached skill level 11 in Axes
  3371 | D:4      | Reached XP level 8. HP: 60/64 MP: 8/8
  3454 | D:5      | Entered Level 5 of the Dungeon
  3467 | D:5      | Reached skill level 12 in Axes
  3526 | D:5      | Found a white marble altar of Elyvilon.
  3576 | D:5      | Found Ducwato's Jewellery Emporium.
  3614 | D:5      | Found a runed door.
  3625 | D:5      | Found a runed door.
  3646 | D:5      | Reached skill level 13 in Axes
  3745 | D:5      | Noticed Pikel
  3746 | D:5      | Paralysed by Pikel for 4 turns
  3782 | D:5      | Paralysed by Pikel for 3 turns
  3792 | D:5      | Killed Pikel
  3792 | D:5      | Reached skill level 14 in Axes
  3792 | D:5      | Reached XP level 9. HP: 46/70 MP: 9/9
  3904 | D:5      | Found a burning altar of Makhleb.
  4130 | D:6      | Became a worshipper of Beogh the Brigand
  4163 | D:6      | Got a smoking dagger
  4164 | D:6      | Identified the cursed +1 dagger "Jiptoloc" {protect, rC+
                  | Str+3 Dex-4} (You found it on level 6 of the Dungeon)
  4367 | D:6      | Reached skill level 15 in Axes
  4472 | D:6      | Found a runed door.
  4476 | D:6      | Noticed stoner123's ghost (novice MiFi)
  4630 | D:6      | Found a staircase to the Ecumenical Temple.
  4674 | D:6      | Found Jucs's Weapon Boutique.
  4687 | D:6      | Found a runed door.
  4726 | D:6      | Killed stoner123's ghost
  5113 | D:7      | Reached skill level 16 in Axes
  5147 | D:7      | Noticed Menkaure
  5156 | D:7      | Killed Menkaure
  5233 | D:7      | Reached XP level 10. HP: 13/77 MP: 10/10
  5250 | D:7      | Reached * piety under Beogh
  5439 | D:7      | Reached skill level 17 in Axes
  5479 | D:7      | Got a coiled golden ring
  5489 | D:7      | Found a sand-covered staircase.
  5490 | D:7      | Noticed Joseph
  5495 | Ossuary  | Entered an ossuary
  5903 | Ossuary  | Identified the ring "Iwexzeumm" {rC+ rN+} (You found it on
                  | level 7 of the Dungeon)
  6094 | Ossuary  | Gained mutation: You can translocate small distances at
                  | will. [potion of mutation]
  6094 | Ossuary  | Gained mutation: You are agile. (Dex +2) [potion of
                  | mutation]
  6094 | Ossuary  | Gained mutation: Your natural rate of healing is unusually
                  | fast. [potion of mutation]
  6094 | Ossuary  | Gained mutation: Your spells are a little harder to cast,
                  | but a little more powerful. [potion of mutation]
  6179 | D:7      | Killed Joseph
  6179 | D:7      | Reached skill level 1 in Dodging
  6882 | D:8      | Reached ** piety under Beogh
  6977 | D:8      | Found a snail-covered altar of Cheibriados.
  6977 | D:8      | Found a sacrificial altar of Ru.
  6981 | D:8      | Found a glowing golden altar of the Shining One.
  7172 | D:9      | Reached skill level 5 in Fighting
  7280 | D:9      | Reached skill level 5 in Armour
  7284 | D:9      | Reached *** piety under Beogh
  7390 | D:9      | Noticed a two-headed ogre
  7404 | D:9      | Killed a two-headed ogre
  7557 | D:9      | Reached XP level 11. HP: 80/92 MP: 11/11
  7788 | D:5      | Bought the ring of the Invisible Hand {AC+3 Str+8 Dex-4}
                  | for 436 gold pieces
  8075 | D:10     | Entered Level 10 of the Dungeon
  8328 | D:10     | Gained Gorbash as an ally
  8333 | D:10     | Paralysed by a hornet for 3 turns
  8333 | D:10     | Reached **** piety under Beogh
  8334 | D:10     | HP: 1/95 [hornet (11)]
  8335 | D:10     | Succumbed to a hornet's poison

Skill      XL: |  1  2  3  4  5  6  7  8  9 10 11 |
---------------+----------------------------------+-----
Axes           | 3 6 8 9 11 14 16 17 | 17.0
Fighting       | 7 8 |  8.6
Dodging        | 3 |  3.8
Armour         | 6 7 |  7.1
Shields        | |  3.7

Action                   |  1- 3 |  4- 6 |  7- 9 | 10-12 || total
-------------------------+-------+-------+-------+-------++-------
Melee: War axe           |    88 |   149 |   292 |       ||   529
       Broad axe         |       |       |    82 |   388 ||   470
Invok: Convert to Beogh  |       |       |     1 |       ||     1
  Use: Potion            |       |       |     7 |     7 ||    14
       Scroll            |       |       |     8 |     3 ||    11
 Stab: Invisible         |       |       |     2 |       ||     2
  Eat: Chunk             |       |     5 |     7 |     4 ||    16
       Ration            |       |       |     1 |     2 ||     3
Armor: Scale mail        |    44 |    82 |   106 |       ||   232
       Chain mail        |       |       |    25 |       ||    25
       Plate armour      |       |       |    19 |   207 ||   226
Dodge: Dodged            |    33 |    43 |    76 |    88 ||   240
Block: Shield            |    50 |    68 |   143 |   153 ||   414
